AoeStats
← TW_Jerry YT @TW-aoe2noobs

Arena

507508353Analyzed
4v4 RM · 14d ago on Sep 18, 2026· 41m 6s· 8 players
Game mode
Random Map
Map size
Large (8 player)
Population
200
Speed
Normal
Resources
Standard
Victory
Conquest
Starting age
Dark Age
Ending age
Imperial Age
RankedLock teamsTeams togetherTeam positionsShared explorationLock speedFull tech treeHidden civsTurbo modeCheats
Victory
Defeat
🇹🇼 Turks · Taiwan
1637
+12
1614
+13
🇹🇼 Teutons · Taiwan
1527
+16
🇹🇼 Cumans · Taiwan
1513
+16
🇹🇼 Portuguese · Taiwan
1562
-15
🇹🇼 Franks · Taiwan
1557
-15
🇨🇳 Japanese · China
1538
-14
🇨🇳 Shu · China
1503
-13
TW_Jerry YT @TW-aoe2noobs
0:26 Loom
10:51 Feudal Age
14:50 Castle Age
13:19 Double-Bit Axe
14:28 Horse Collar
15:54 Bow Saw
22:32 Wheelbarrow
23:19 Gold Mining
25:17 Gold Shaft Mining
28:09 Imperial Age
26:19 Scale Barding Armor
27:11 Forging
27:21 Chain Barding Armor
28:12 Bloodlines
28:35 Husbandry
29:12 Conscription
28:15 Cavalier
28:18 Capped Ram
29:11 Siege Ram
30:47 Plate Barding Armor
32:28 Fletching
32:39 Padded Archer Armor
33:23 Bodkin Arrow
33:50 Elite Chu Ko Nu
35:26 Iron Casting
34:54 Bracer
35:24 Leather Archer Armor
36:11 Chemistry
36:09 Ballistics
37:13 Ring Archer Armor
37:57 Stone Mining
38:41 Thumb Ring
39:52 Hand Cart
TW_Dinko
7:03 Loom
9:09 Feudal Age
11:31 Fletching
13:05 Horse Collar
19:45 Castle Age
18:57 Double-Bit Axe
21:01 Heavy Plow
21:14 Bow Saw
23:09 Wheelbarrow
22:20 Town Watch
26:04 Gold Mining
26:07 Stone Mining
26:57 Town Watch
30:32 Imperial Age
28:30 Forging
28:20 Scale Mail Armor
28:52 Fortified Wall
29:07 Masonry
29:53 Iron Casting
30:05 Stone Shaft Mining
30:43 Hand Cart
31:18 Onager
31:30 Pikeman
33:00 Ballistics
33:41 Chemistry
33:45 Blast Furnace
32:39 Gambesons
33:18 Squires
34:14 Chain Mail Armor
35:09 Bodkin Arrow
35:37 Town Patrol
35:31 Arson
36:14 Halberdier
37:23 Conscription
38:17 Plate Mail Armor
39:51 Siege Engineers
40:08 Ballistics
40:30 Scale Barding Armor
40:25 Padded Archer Armor
41:27 Two-Man Saw
41:02 Crop Rotation
40:16 Siege Onager
TW_阿倫
9:34 Feudal Age
10:19 Double-Bit Axe
10:17 Horse Collar
14:04 Loom
20:50 Castle Age
19:55 Wheelbarrow
20:27 Gold Mining
21:20 Fletching
23:28 Bloodlines
25:12 Gold Shaft Mining
28:44 Town Watch
29:15 Hand Cart
32:55 Bow Saw
32:48 Heavy Plow
33:08 Scale Barding Armor
35:17 Chain Barding Armor
35:09 Forging
39:13 Imperial Age
39:22 Iron Casting
39:18 Elite Steppe Lancer
39:25 Cavalier
41:28 Plate Barding Armor
42:06 Blast Furnace
TWNBS_Jian Hei
10:43 Feudal Age
14:30 Castle Age
12:34 Double-Bit Axe
15:32 Horse Collar
20:39 Loom
23:27 Town Watch
23:54 Bow Saw
23:45 Heavy Plow
27:04 Wheelbarrow
31:17 Imperial Age
29:22 Gold Mining
30:17 Fletching
31:21 Gold Shaft Mining
32:27 Bodkin Arrow
33:04 Hand Cart
34:37 Bracer
35:22 Padded Archer Armor
36:20 Ballistics
36:18 Leather Archer Armor
35:24 Heavy Cavalry Archer
36:10 Thumb Ring
36:47 Parthian Tactics
36:25 Stone Mining
37:11 Fortified Wall
37:21 Bloodlines
37:11 Husbandry
37:57 Conscription
37:58 Sipahi
38:11 Scale Barding Armor
38:37 Ring Archer Armor
38:09 Scale Mail Armor
38:15 Scale Barding Armor
39:05 Guilds
39:56 Two-Man Saw
sillyoyo
6:10 Loom
6:20 Loom
9:22 Feudal Age
9:25 Man-at-Arms
9:55 Double-Bit Axe
11:17 Town Watch
14:06 Horse Collar
19:25 Wheelbarrow
22:19 Castle Age
20:15 Gold Mining
23:25 Bow Saw
26:31 Imperial Age
25:10 Bow Saw
28:16 Chemistry
27:42 Pikeman
31:53 Bow Saw
38:58 Fortified Wall
Haosbot
10:51 Feudal Age
14:47 Castle Age
14:15 Double-Bit Axe
26:00 Wheelbarrow
25:22 Loom
26:44 Gold Mining
29:45 Imperial Age
27:56 Scale Barding Armor
28:02 Forging
29:27 Gold Shaft Mining
29:15 Chain Barding Armor
29:06 Husbandry
29:49 Cavalier
31:47 Plate Barding Armor
32:06 Paladin
34:22 Iron Casting
36:17 Bow Saw
40:56 Blast Furnace
41:34 Hand Cart
不西西
10:34 Feudal Age
14:25 Castle Age
12:12 Double-Bit Axe
12:35 Horse Collar
15:59 Bow Saw
24:09 Wheelbarrow
24:16 Gold Mining
29:17 Imperial Age
26:30 Pikeman
27:40 Squires
28:11 Scale Mail Armor
29:59 Chain Mail Armor
29:21 Halberdier
32:55 Forging
35:00 Plate Mail Armor
35:05 Iron Casting
36:06 Stone Mining
36:41 Kataparuto
36:42 Conscription
38:41 Fletching
38:51 Padded Archer Armor
38:53 Loom
39:18 Elite Skirmisher
40:03 Thumb Ring
40:47 Hand Cart
EricLu6
12:04 Feudal Age
13:18 Double-Bit Axe
13:14 Horse Collar
13:47 Gold Mining
16:18 Castle Age
17:48 Fletching
18:21 Bow Saw
17:50 Crossbowman
18:27 Bodkin Arrow
18:27 Loom
20:35 Padded Archer Armor
21:13 Gold Shaft Mining
24:17 Wheelbarrow
28:14 Imperial Age
26:42 Thumb Ring
27:21 Ballistics
28:32 Leather Archer Armor
29:09 Bracer
28:31 Arbalester
30:16 Chemistry
31:22 Ring Archer Armor
31:27 Heavy Plow
31:45 Stone Mining
34:16 Fortified Wall
36:01 Siege Engineers
38:27 Town Watch
Connection lost

Rejoining the realm…

Still unreachable

The connection could not be restored.

Session expired

The server has moved on; the page needs a fresh start.